 Dungeon Crawl Stone Soup version 0.28-a0-773-g130ae17fe5 (webtiles) character file.

Game seed: 17301830645249232382

9012 cheechan the Spear-Bearer (level 11, 0/77 HPs)
             Began as an Octopode Berserker on Nov 1, 2021.
             Was a High Priest of Trog.
             Slain by an unseen horror (6 damage)
             ... on level 10 of the Dungeon.
             The game lasted 00:35:28 (7344 turns).

cheechan the Spear-Bearer (Octopode Berserker)      Turns: 7344, Time: 00:35:29

Health: 0/77       AC:  9    Str: 18    XL:     11   Next: 39%
Magic:  12/12      EV: 21    Int: 10    God:    Trog [*****.]
Gold:   538        SH:  0    Dex: 13    Spells: 10/10 levels left

rFire   . . .      SeeInvis .   n - +7 scythe (vorpal)
rCold   . . .      Faith    .   (shield currently unavailable)
rNeg    . . .      Spirit   .   (helmet restricted)
rPois   .          Reflect  .   j - amulet of regeneration
rElec   .          Harm     .   f - +4 ring of evasion
rCorr   .          Rampage  .   v - +4 ring of protection
Will    ++...                   a - +4 ring of protection
Stlth   +++++.....              (no ring)
HPRegen 2.22/turn               (no ring)
MPRegen 0.13/turn               (no ring)
                                (no ring)
                                (no ring)

@: strong-willed, on berserk cooldown, regenerating, slowed, very slow
A: almost no armour, amphibious, 8 rings, camouflage 1, gelatinous body 1,
(nimble swimmer 1), tentacles, high mp 1, screaming 2, wild magic 1
a: Renounce Religion, Berserk, Trog's Hand, Brothers in Arms


You were on level 10 of the Dungeon.
You worshipped Trog.
Trog was extremely pleased with you.
You visited 2 branches of the dungeon, and saw 11 of its levels.

You collected 538 gold pieces.

Inventory:

Hand Weapons
 k - a +2 quarterstaff of chaos
 m - a +0 war axe
 n - a +7 vorpal scythe (weapon)
 o - a +2 vorpal flail
 u - a +5 falchion
 A - a +1 vorpal shortbow
 D - a +4 scimitar of flaming
Missiles
 c - 96 bolts
 d - 36 poisoned darts (quivered)
 e - 228 arrows
 q - 4 boomerangs
 t - 76 sling bullets
 B - 4 throwing nets
 E - a curare-tipped dart
Jewellery
 a - a +4 ring of protection (on tentacle)
 f - a +4 ring of evasion (left tentacle)
 j - an amulet of regeneration (around mantle)
 v - a +4 ring of protection (right tentacle)
 C - an amulet of faith
Wands
 g - a wand of iceblast (6)
 l - a wand of digging (3)
 p - a wand of charming (9)
 y - a wand of mindburst (5)
 F - a wand of polymorph (7)
Scrolls
 h - a scroll of noise
 x - a scroll of magic mapping
 G - a scroll of identify
 H - a scroll of summoning
Potions
 b - 2 potions of lignification
 i - 3 potions of attraction
 r - a potion of magic
 s - 2 potions of flight
 w - 2 potions of haste


   Skills:
 + Level 7.9 Fighting
 + Level 6.0(9.4) Axes
 + Level 11.2(11.8) Polearms
 + Level 9.0 Dodging
 + Level 7.6 Stealth


You had 10 spell levels left.
You didn't know any spells.
Your spell library was empty.

Dungeon Overview and Level Annotations

Branches:
Dungeon (10/15)            Temple (1/1) D:5
   Lair: D:8-11         Orc: D:9-12

Altars:
Ashenzari
Dithmenos
Elyvilon
Fedhas
Gozag
Hepliaklqana
Makhleb
Nemelex Xobeh
Qazlal
Ru
Trog
Wu Jian
Zin
The Shining One

Shops:
D:7 *[


Innate Abilities, Weirdness & Mutations

You cannot wear most types of armour.
You are amphibious.
You can wear up to eight rings at the same time.
Your skin changes colour to match your surroundings (Stealth+).
Your rubbery body absorbs attacks. (AC +1, EV +1)
((You are camouflaged near water. (Stealth+)))
You have tentacles for arms and can constrict up to eight enemies at once.
You have an increased reservoir of magic. (+10% MP)
You frequently scream uncontrollably at your foes.
Your spells are a little harder to cast, but a little more powerful.


Message History

Okay, then.
A red film seems to cover your vision as you go berserk!
You feel yourself moving faster!
You feel mighty! Something closely misses you.
The shadow slips into darkness.
The shadow flickers and vanishes!
Deactivating autopickup; reactivate with Ctrl-A.
You slice something!! Trog accepts your kill.
Reactivating autopickup.
You feel a bit more experienced. Something hits you.
* * * LOW HITPOINT WARNING * * *
Deactivating autopickup; reactivate with Ctrl-A.
Something completely misses you. Something hits you!
* * * LOW HITPOINT WARNING * * *
You feel a strong urge to attack something.
Something hits you but does no damage. Something misses you.
You feel your anger nearly subside.
You are no longer berserk.
You are exhausted.
You feel yourself slow down. Something hits you but does no damage.
Something closely misses you. Something hits you but does no damage.
You slash something! Something barely misses you.
Something hits you but does no damage. Something hits you!
* * * LOW HITPOINT WARNING * * *
Something hits you!
* * * LOW HITPOINT WARNING * * *
Okay, then.
You feel better. Something hits you but does no damage.
Your skin crawls.
You feel strong-willed. Something hits you!
* * * LOW HITPOINT WARNING * * *
Something hits you!
* * * LOW HITPOINT WARNING * * *
You feel better. Something hits you!
* * * LOW HITPOINT WARNING * * *
Something hits you.
You die...

##### ####...##
#..⌠...⌠##
#.....)..#
#....@...#
#....{...#
#......⌠.......
#..............
####+##########


There were no monsters in sight!

Vanquished Creatures
  Harold (D:8)
  Erica (D:8)
  A two-headed ogre (D:10)
  Pikel (D:6)
  2 kobold demonologists (D:9)
  A hornet (D:8)
  Sigmund (D:4)
  A shadow (D:10)
  2 yaks
  A steam dragon (D:9)
  Menkaure (D:6)
  3 water moccasins
  An orc warrior (D:8)
  2 ice beasts (D:8)
  2 sky beasts
  A necrophage (D:5)
  6 centaurs
  2 lemures (D:6)
  2 kobold brigands
  3 bullfrogs
  2 scorpions
  A gnoll sergeant (D:8)
  A wyvern zombie (D:7)
  A water moccasin skeleton (D:5)
  5 killer bees (D:5)
  3 howler monkeys
  7 wights
  5 electric eels
  2 jellies
  3 centaur zombies (D:9)
  5 orc priests
  4 bullfrog skeletons
  3 hounds
  Crazy Yiuf (D:3)
  3 iguanas
  Natasha (thrice) (D:3)
  7 orc wizards
  A killer bee zombie (D:5)
  2 howler monkey zombies
  10 gnolls
  11 adders
  2 white imps
  An ufetubus (D:4)
  5 worms
  2 dart slugs (D:1)
  28 orcs
  4 ball pythons
  7 bats
  5 endoplasms
  6 giant cockroaches
  8 goblins
  6 hobgoblins
  2 jackals (D:2)
  9 kobolds
  5 quokkas
  4 frilled lizards
  9 rats
218 creatures vanquished.

Vanquished Creatures (collateral kills)
  Maurice (D:8)
  4 yaks (D:6)
  A steam dragon (D:6)
  A water moccasin (D:8)
  An orc warrior (D:6)
  A phantom (D:6)
  A gnoll sergeant (D:8)
  An orc priest (D:6)
  A gnoll (D:8)
  An ufetubus (D:6)
13 creatures vanquished.

Vanquished Creatures (others)
  20 plants (D:6)
20 creatures vanquished.

Grand Total: 251 creatures vanquished

Notes
Turn   | Place    | Note
-------+----------+-------------------------------------------
     0 | D:1      | cheechan the Octopode Berserker began the quest for the
                  | Orb.
     0 | D:1      | Reached XP level 1. HP: 16/16 MP: 1/1
   285 | D:1      | Reached XP level 2. HP: 14/21 MP: 2/2
   460 | D:1      | Found a faded altar of an unknown god.
   460 | D:1      | Noticed a sun demon
   505 | D:2      | Reached XP level 3. HP: 25/26 MP: 3/3
   565 | D:2      | Reached skill level 1 in Stealth
   642 | D:2      | Reached ** piety under Trog
   669 | D:2      | Reached XP level 4. HP: 5/31 MP: 4/4
   669 | D:2      | HP: 1/31 [adder (3)]
  1690 | D:3      | Reached XP level 5. HP: 11/37 MP: 5/5
  1909 | D:3      | HP: 2/55 [poisoned by an adder]
  2278 | D:3      | Found a runed translucent door.
  2280 | D:3      | Noticed Crazy Yiuf
  2305 | D:3      | Killed Crazy Yiuf
  2707 | D:3      | Noticed Natasha
  2716 | D:3      | Killed Natasha
  2717 | D:3      | Reached XP level 6. HP: 41/43 MP: 6/6
  2781 | D:3      | Noticed Natasha
  2794 | D:3      | Killed Natasha
  2810 | D:3      | Noticed Natasha
  2816 | D:3      | Killed Natasha
  2816 | D:3      | Reached *** piety under Trog
  2860 | D:4      | Reached skill level 5 in Axes
  2890 | D:4      | Noticed Sigmund
  2901 | D:4      | Killed Sigmund
  2902 | D:4      | Reached XP level 7. HP: 21/49 MP: 7/7
  3346 | D:5      | Entered Level 5 of the Dungeon
  3362 | D:4      | Reached skill level 1 in Polearms
  3362 | D:4      | Reached skill level 5 in Stealth
  3394 | D:5      | Found a staircase to the Ecumenical Temple.
  3405 | D:5      | Reached XP level 8. HP: 26/54 MP: 8/8
  3443 | Temple   | Entered the Ecumenical Temple
  3565 | D:5      | Reached **** piety under Trog
  3717 | D:5      | Reached skill level 5 in Fighting
  3717 | D:5      | Reached skill level 2 in Polearms
  3717 | D:5      | Reached skill level 5 in Dodging
  3795 | D:5      | Reached skill level 3 in Polearms
  3835 | D:5      | Reached skill level 4 in Polearms
  3885 | D:5      | Found a broken altar of Ashenzari.
  3885 | D:5      | Found a blossoming altar of Fedhas.
  4264 | D:6      | Reached skill level 5 in Polearms
  4265 | D:6      | Reached XP level 9. HP: 34/62 MP: 9/9
  4320 | D:6      | Reached skill level 6 in Polearms
  4639 | D:6      | Reached skill level 7 in Polearms
  4890 | D:6      | Noticed Menkaure
  4901 | D:6      | Killed Menkaure
  5132 | D:6      | Noticed Pikel
  5151 | D:6      | Killed Pikel
  5408 | D:7      | Reached XP level 10. HP: 54/69 MP: 10/10
  5415 | D:7      | Reached skill level 8 in Polearms
  5458 | D:7      | Found a burning altar of Makhleb.
  5458 | D:7      | Found a glowing silver altar of Zin.
  5459 | D:7      | Noticed an angel
  5459 | D:7      | Noticed a balrug
  5470 | D:7      | Found Ehirchups's Antique Armour Boutique.
  5497 | D:7      | Found Fiasupli's Fabulous Fripperies.
  5758 | D:7      | Reached ***** piety under Trog
  6194 | D:7      | Found an opulent altar of Gozag.
  6249 | D:8      | Noticed Maurice
  6261 | D:8      | Killed Maurice
  6287 | D:8      | Reached skill level 9 in Polearms
  6380 | D:8      | Noticed Erica
  6389 | D:8      | Killed Erica
  6561 | D:8      | Gained mutation: Your magical capacity is low. (-10% MP)
                  | [potion of mutation]
  6561 | D:8      | Gained mutation: Your flesh is heat resistant. (rF+)
                  | [potion of mutation]
  6561 | D:8      | Gained mutation: Your muscles are strong. (Str +2) [potion
                  | of mutation]
  6562 | D:8      | Lost mutation: Your magical capacity is low. (-10% MP)
                  | [potion of mutation]
  6562 | D:8      | Lost mutation: Your muscles are strong. (Str +2) [potion of
                  | mutation]
  6562 | D:8      | Lost mutation: Your flesh is heat resistant. (rF+) [potion
                  | of mutation]
  6562 | D:8      | Gained mutation: Your spells are a little harder to cast,
                  | but a little more powerful. [potion of mutation]
  6562 | D:8      | Gained mutation: You are dopey. (Int -2) [potion of
                  | mutation]
  6562 | D:8      | Gained mutation: One of your tentacles bears a spike.
                  | [potion of mutation]
  6562 | D:8      | Gained mutation: You have supernaturally acute eyesight.
                  | (SInv) [potion of mutation]
  6563 | D:8      | Lost mutation: One of your tentacles bears a spike. [potion
                  | of mutation]
  6563 | D:8      | Lost mutation: You are dopey. (Int -2) [potion of mutation]
  6563 | D:8      | Lost mutation: You have supernaturally acute eyesight.
                  | (SInv) [potion of mutation]
  6563 | D:8      | Gained mutation: You occasionally shout uncontrollably at
                  | your foes. [potion of mutation]
  6563 | D:8      | Gained mutation: You frequently scream uncontrollably at
                  | your foes. [potion of mutation]
  6563 | D:8      | Gained mutation: You have an increased reservoir of magic.
                  | (+10% MP) [potion of mutation]
  6687 | D:8      | Noticed Harold
  6698 | D:8      | Killed Harold
  6699 | D:8      | Reached skill level 10 in Polearms
  6699 | D:8      | Reached XP level 11. HP: 44/75 MP: 12/12
  7325 | D:10     | Entered Level 10 of the Dungeon
  7325 | D:10     | Noticed a two-headed ogre
  7329 | D:10     | Killed a two-headed ogre
  7330 | D:10     | Reached skill level 11 in Polearms
  7342 | D:10     | HP: 2/77 [something (7)]
  7344 | D:10     | Slain by an unseen horror

Illustrated notes

Levels and vault maps discovered:
D:1:      minmay_arrival_open_corners, layout_loops_cross,
          dreamdust_ecumenical_altar_sealed_demon
D:2:      layout_basic
D:3:      layout_basic, hangedman_decor_growths, minmay_cupped,
          uniq_crazy_yiuf_cottage, uniq_natasha
D:4:      layout_rooms, uniq_sigmund
D:5:      layout_basic, grunt_temple_overflow_open,
          minmay_temple_entry_overgrown, grunt_decor_arrowhead
D:6:      layout_basic, portal_sewer_entry_f,
          hangedman_abyss_or_decor_lesser_grid, serial_bayou_lagoon_a,
          uniq_pikel, uniq_menkaure
D:7:      layout_loops_ring, grunt_temple_overflow_order_and_chaos_2,
          mainiacjoe_overflow_alcove_1, serial_shops, shop,
          hangedman_decor_push, chequers_serial_rivers_micro_e,
          nicolae_alphabet_shops, minmay_fractal_squares_gapless_5
D:8:      minmay_razor_zed, layout_loops_cross, uniq_maurice, uniq_harold,
          uniq_erica, uniq_maggie
D:9:      layout_loops_ring, lemuel_tele_altar, kennysheep_potato
D:10:     layout_gridville, tgw_kikubaaqudgha,
          yredelemnul_forgotten_temple_becter, enter_trove_1,
          gammafunk_ghost_icy, grunt_ministairs_1, bh_hangedman_babel_library
Temple:   eino_narrow_crystal_temple

Skill      XL: |  1  2  3  4  5  6  7  8  9 10 11 |
---------------+----------------------------------+-----
Stealth        | 1 2 3 4 5 6 7 |  7.6
Axes           | 4 5 6 |  6.0
Fighting       | 4 5 6 7 |  7.9
Dodging        | 4 5 7 8 9 |  9.0
Polearms       | 1 5 7 10 11 | 11.2

Action                   |  1- 3 |  4- 6 |  7- 9 | 10-12 || total
-------------------------+-------+-------+-------+-------++-------
Melee: Hand axe          |    35 |   101 |       |       ||   136
       Constrict         |    11 |    25 |    36 |    29 ||   101
       Tentacles         |     8 |    23 |    31 |    27 ||    89
       War axe           |       |     7 |     3 |       ||    10
       Scythe            |       |       |   148 |   144 ||   292
Throw: Dart              |       |       |     1 |       ||     1
Invok: Berserk           |       |     6 |     4 |     6 ||    16
       Trog's Hand       |       |       |     2 |     2 ||     4
       Brothers in Arms  |       |       |     1 |     1 ||     2
  Use: Scroll            |     4 |     1 |     9 |     3 ||    17
       Potion            |       |     1 |     3 |     5 ||     9
 Stab: Sleeping          |     5 |     5 |     7 |     6 ||    23
Armor: Skin              |     1 |     5 |    14 |    51 ||    71
Dodge: Dodged            |    25 |   110 |   210 |   254 ||   599

Table legend: (Time is in decaauts)
 A = Elapsed time spent in this place.
 B = Non-inter-level travel time spent in this place.
 C = Inter-level travel time spent in this place.
 D = Time resting spent in this place.
 E = Time spent auto-exploring this place.
 F = Levels seen in this place.
 G = Mean time per level.
                   A        B        C        D        E       F      G
               +--------+--------+--------+--------+--------+-----+--------+
         Total |   7662 |   7662 |      0 |    618 |      0 |  11 |  696.5 |
       Dungeon |   7607 |   7607 |      0 |    618 |      0 |  10 |  760.7 |
        Temple |     55 |     55 |      0 |      0 |      0 |   1 |   55.0 |
               +--------+--------+--------+--------+--------+-----+--------+

Top non-repeatable levels by time:
     D:3: 1217 daAuts
     D:6: 1194 daAuts
     D:2: 1172 daAuts
     D:5: 899 daAuts
     D:7: 851 daAuts
     D:8: 735 daAuts
     D:4: 563 daAuts
     D:1: 496 daAuts
     D:9: 453 daAuts
  Temple: 55 daAuts
    D:10: 23 daAuts
